 Dungeon Crawl Stone Soup version 0.20.1-1-g8b1a95d (webtiles) character file.

387 Gremour the Slasher (level 6, -3/47 HPs)
             Began as a Demonspawn Fighter on Dec 10, 2017.
             Killed by divine providence
             ... invoked by an orc priest
              (15 damage)
             ... on level 3 of the Dungeon.
             The game lasted 00:09:35 (3177 turns).

Gremour the Slasher (Demonspawn Fighter)            Turns: 3177, Time: 00:09:35

Health: -3/47      AC:  8    Str: 16    XL:     6   Next: 49%
Magic:  6/6        EV:  6    Int:  9    God:
Gold:   238        SH:  9    Dex: 15    Spells: 5/5 levels left

rFire    . . .     SeeInvis .   a - +0 long sword
rCold    . . .     Gourm    .   c - +0 shield
rNeg     . . .     Faith    .   b - +0 scale mail
rPois    .         Spirit   .   (no helmet)
rElec    .         Reflect  .   (no cloak)
rCorr    .         Harm     .   (no gloves)
MR       .....                  (no boots)
Stlth    ..........             (no amulet)
Regen    0.2/turn               (no ring)
MPRegen  0.1/turn               (no ring)

@: no status effects
A: hooves 2, slimy green scales 1
a: no special abilities


You were on level 3 of the Dungeon.
You were very hungry.

You visited 1 branch of the dungeon, and saw 3 of its levels.

You collected 238 gold pieces.

Inventory:

Hand Weapons
 a - a +0 long sword (weapon)
 o - a cursed -2 flail
Armour
 b - a +0 scale mail (worn)
 c - a +0 shield (worn)
 p - a +0 leather armour of fire resistance
 r - a +0 pair of boots
Scrolls
 e - 3 scrolls of remove curse {unknown}
 g - a scroll of enchant armour {unknown}
 i - a scroll of noise {unknown}
 j - a scroll of teleportation {unknown}
 k - 3 scrolls of identify {unknown}
 q - a scroll of immolation {unknown}
Potions
 d - 2 potions of might
 l - a potion of flight {unknown}
 s - a potion of curing {unknown}
Books
 m - a book of Misfortune

   Spells                             Type                      Level
   a - Confusing Touch                Hexes                        1
   b - Confuse                        Hexes                        3
   c - Gell's Gravitas                Translocation                3
   d - Petrify                        Transmutation/Earth          4
   e - Metabolic Englaciation         Hexes/Ice                    5
   f - Yara's Violent Unravelling     Hexes/Transmutation          5
Comestibles
 f - a bread ration
 h - 2 meat rations


   Skills:
 - Level 3.0 Fighting
 + Level 6.4 Long Blades
 - Level 2.6 Armour
 - Level 2.6 Shields


You had 5 spell levels left.
You didn't know any spells.

Dungeon Overview and Level Annotations

Branches:
Dungeon (3/15)

Altars:


Innate Abilities, Weirdness & Mutations

You have hoof-like feet.
You are partially covered in slimy green scales. (AC +2)


Message History

You kill the orc!
You block the orc's attack. The orc barely misses you.
Items here: $ ) [ † a mace; a leather armour; 9 gold pieces; an orc corpse You hit the orc but do no damage.
You kick the orc.
The orc is almost dead.
The orc hits you but does no damage.
You closely miss the orc. You kick the orc, but do no damage.
The orc is almost dead.
The orc hits you but does no damage.
You slash the orc!
You kill the orc!
Your shield and scale mail prevent you from hitting the orc.
The orc barely misses you.
You slash the orc!
You kill the orc!
The orc priest mumbles some strange prayers to Beogh against you.
Beogh smites you!
You die...

#............##.......# ######
#............##...[...###.....
#............##.......'..(....
#............##o.#....##......
#............##oo'...)'.......
#............##o##....##......
######'########.########......
####.########.# ### #......
##..........@)o# #(###......
#......######### #..........
#......############.###......
#...÷..'............####...†.
#......#############.........
##'##### #.######## #.# #.#
#.# #.# ### #.# ###.# #..


You could see an orc priest.

Vanquished Creatures
  A hippogriff (D:3)
  An orc priest (D:3)
  An orc wizard (D:3)
  Jessica (D:3)
  Terence (D:2)
  3 adders
  An ooze (D:1)
  A worm (D:2)
  2 dart slugs
  4 leopard geckos
  6 orcs (D:3)
  A ball python (D:2)
  2 bats
  A giant cockroach (D:2)
  5 goblins
  A hobgoblin (D:1)
  9 jackals
  6 kobolds
  A quokka (D:2)
  3 frilled lizards
  4 rats
  2 fungi (D:1)
57 creatures vanquished.

Notes
Turn   | Place    | Note
-------+----------+-------------------------------------------
     0 | D:1      | Gremour the Demonspawn Fighter began the quest for the Orb.
     0 | D:1      | Reached XP level 1. HP: 18/18 MP: 1/1
    69 | D:1      | Reached skill level 2 in Long Blades
   450 | D:1      | Gained mutation: You have large cloven feet. [demonic ancestry]
   450 | D:1      | Reached XP level 2. HP: 11/24 MP: 2/2
  1358 | D:2      | Reached skill level 3 in Long Blades
  1450 | D:2      | Gained mutation: You have hoof-like feet. [demonic ancestry]
  1450 | D:2      | Reached XP level 3. HP: 18/29 MP: 3/3
  1973 | D:2      | Noticed Terence
  1983 | D:2      | Killed Terence
  1983 | D:2      | Reached skill level 4 in Long Blades
  1983 | D:2      | Gained mutation: You are partially covered in slimy green scales. (AC +2) [demonic ancestry]
  1983 | D:2      | Reached XP level 4. HP: 35/35 MP: 4/4
  2686 | D:3      | Reached XP level 5. HP: 41/41 MP: 5/5
  2766 | D:3      | Noticed Jessica
  2770 | D:3      | Killed Jessica
  2770 | D:3      | Reached skill level 5 in Long Blades
  2797 | D:3      | Noticed a hippogriff
  2814 | D:3      | Killed a hippogriff
  2814 | D:3      | Reached skill level 6 in Long Blades
  2814 | D:3      | Reached XP level 6. HP: 7/47 MP: 6/6
  3177 | D:3      | Killed from afar by an orc priest

Skill      XL: |  1  2  3  4  5 |
---------------+----------------+-----
Long Blades    | 2 3 4 6 |  6.4
Fighting       | |  3.0
Armour         | |  2.6
Shields        | |  2.6

Action                   |  1- 3 |  4- 6 || total
-------------------------+-------+-------++-------
Melee: Long sword        |   121 |    70 ||   191
       Kick              |    29 |    22 ||    51
  Use: Potion            |       |     1 ||     1
  Eat: Chunk             |     3 |     3 ||     6
Armor: Scale mail        |    60 |    26 ||    86
Dodge: Dodged            |    29 |    22 ||    51
Block: Shield            |    56 |    40 ||    96
       Rpst.: Long sword |     6 |     5 ||    11
